 Dungeon Crawl Stone Soup version 0.31-a0-728-g01b46875f1 (console) character file.

Game seed: 12733070896056476437

21 petzl the Sneak (level 3, 0/29 HPs)
             Began as a Formicid Delver on Sept 12, 2023.
             Succumbed to a scorpion's poison
             ... on level 8 of the Dungeon.
             The game lasted 00:02:36 (208 turns).

petzl the Sneak (Formicid Delver)                    Turns: 208, Time: 00:02:36

Health: 0/29       AC:  3    Str: 16    XL:     3   Next: 2%
Magic:  4/6        EV: 12    Int: 17    God:
Gold:   13         SH:  0    Dex: 15    Spells: 6/6 levels left

rFire   . . .        a - +3 hand axe (heavy) {!f =f}
rCold   . . .        (no shield)
rNeg    . . .        b - +0 leather armour
rPois   .            (helmet unavailable)
rElec   .            (no cloak)
rCorr   .            (no gloves)
SInv    +            (no boots)
Will    .....        g - amulet of guardian spirit
Stlth   +++          j - +6 ring of intelligence
HPRegen 0.24/turn    (no ring)
MPRegen 0.10/turn

%: guardian spirit
@: lethally poisoned (0 -> -2)
A: permanent stasis, dig shafts and tunnels, antennae 3, four strong arms
a: Dig, Shaft Self


You were on level 8 of the Dungeon.
You visited 1 branch of the dungeon, and saw 4 of its levels.

You collected 13 gold pieces.

Inventory:

Hand Weapons
 a - a +3 heavy hand axe (weapon) {!f =f}
 h - a +0 mace
Armour
 b - a +0 leather armour (worn)
Jewellery
 g - an amulet of guardian spirit (around neck)
 j - a +6 ring of intelligence (left hand)
Wands
 f - a wand of digging (3)
Scrolls
 c - a scroll of fog
 d - a scroll of revelation
 e - a scroll of fear


   Skills:
 - Level 3.2 Fighting
 + Level 0.6(1.4) Axes
 - Level 2.0 Maces & Flails
 - Level 1.7 Dodging
 - Level 6.0 Stealth
 + Level 2.1 Spellcasting


You had 6 spell levels left.
You didn't know any spells.
Your spell library was empty.

Dungeon Overview and Level Annotations

Branches:
Dungeon (7/15)
 Temple: D:4-7

Altars:

Annotations:
D:5 exclusion: scorpion


Innate Abilities, Weirdness & Mutations

You cannot be hasted, slowed, berserked, paralysed or teleported.
You can dig through walls and to a lower floor.
You have a pair of large antennae on your head. (SInv)
Your four strong arms can wield two-handed weapons with a shield.


Message History

You fall into a shaft and drop 2 floors!
The shaft crumbles and collapses.
You feel very sick.
You aren't carrying any potions.
Okay, then.
Unknown command.
Unknown command.
Unknown command.
Unknown command.
Unknown command.
As you read the scroll labelled ROCISA ES CEN, it crumbles to dust.
You feel a strange sense of stasis.
It was a scroll of teleportation.
* * * LOW HITPOINT WARNING * * *
You feel sick.
Unknown command.
As you read the scroll labelled VUPLEQ HYCLAPE, it crumbles to dust.
It is a scroll of enchant weapon.
Your +2 heavy hand axe {!f =f} glows red for a moment.
* * * LOW HITPOINT WARNING * * *
You feel sick.
You aren't carrying any potions.
You aren't carrying any potions.
You aren't carrying any potions.
You aren't carrying any potions.
* * * LOW HITPOINT WARNING * * *
You feel sick.
* * * LOW HITPOINT WARNING * * *
You feel sick.
* * * LOW HITPOINT WARNING * * *
You feel sick.
* * * LOW HITPOINT WARNING * * *
You feel sick.
Unknown command.
Unknown command.
Unknown command.
Unknown command.
Unknown command.
* * * LOW HITPOINT WARNING * * *
You feel sick.
You die...

+....# #....#
#....#
####....#
#.......#
##.......#
.........###.#
.......@.....#
#######.####.#
#.. ##.# ..
##. . .


There were no monsters in sight!

Vanquished Creatures
  2 adders
  An orc (D:5)
3 creatures vanquished.

Notes
Turn   | Place    | Note
-------+----------+-------------------------------------------
     0 | D:5      | petzl the Formicid Delver began the quest for the Orb.
     0 | D:5      | Reached XP level 1. HP: 18/18 MP: 1/1
     7 | D:6      | Noticed a scorpion
    31 | D:5      | Noticed a scorpion
    63 | D:5      | Reached skill level 1 in Spellcasting
    63 | D:5      | Reached XP level 2. HP: 24/24 MP: 1/4
   122 | D:6      | Reached XP level 3. HP: 23/29 MP: 2/6
   174 | D:7      | Noticed an orc warrior
   200 | D:6      | You fall into a shaft and drop 2 floors!
   206 | D:8      | HP: 1/29 [poisoned by a scorpion]
   208 | D:8      | Succumbed to a scorpion's poison

Illustrated notes

Levels and vault maps discovered:
D:5:      layout_basic, grunt_ministairs_15
D:6:      layout_rooms, nicolae_tso_swordbearing_angel,
          nicolae_vehumet_altar_sigil, lemuel_doored_altar,
          yredelemnul_forgotten_temple_becter, uniq_eustachio
D:7:      layout_gridville
D:8:      gammafunk_the_bubble [the_bubble_gammafunk_plus_minus], layout_basic,
          mainiacjoe_overflow_alcove_4, kiku_gazebo_garden_becter,
          nicolae_elevator_lobby_asterisk

Skill      XL: |  1  2 |
---------------+-------+-----
Spellcasting   | 1 2 |  2.1
Fighting       | |  3.2
Axes           | |  0.6
Maces & Flails | |  2.0
Dodging        | |  1.7
Stealth        | |  6.0

Action                     || total
---------------------------++-------
  Melee: Mace              ||     6
         Punch             ||     1
         Hand axe          ||     7
Ability: Shaft Self        ||     1
    Use: Scroll            ||     2
   Stab: Sleeping          ||     2
 Armour: Leather armour    ||    13
  Dodge: Dodged            ||    10

Table legend: (Time is in decaauts)
 A = Elapsed time spent in this place.
 B = Non-inter-level travel time spent in this place.
 C = Inter-level travel time spent in this place.
 D = Time resting spent in this place.
 E = Time spent auto-exploring this place.
 F = Levels seen in this place.
 G = Mean time per level.
                   A        B        C        D        E       F      G
               +--------+--------+--------+--------+--------+-----+--------+
         Total |    214 |    214 |      0 |     33 |     35 |   4 |   53.5 |
       Dungeon |    214 |    214 |      0 |     33 |     35 |   4 |   53.5 |
               +--------+--------+--------+--------+--------+-----+--------+

Top non-repeatable levels by time:
     D:6: 100 daAuts
     D:5: 94 daAuts
     D:7: 11 daAuts
     D:8: 7 daAuts
